AoeStats
← TM Caesar

QS Arena

503693271Analyzed
4v4 RM · 1mo ago on Sep 1, 2026· 37m 32s· 8 players
Game mode
Random Map
Map size
Large (8 player)
Population
200
Speed
Normal
Resources
Standard
Victory
Conquest
Starting age
Dark Age
Ending age
Imperial Age
RankedLock teamsTeams togetherTeam positionsShared explorationLock speedFull tech treeHidden civsTurbo modeCheats
Victory
Defeat
🇨🇳 Berbers · China
1589
+16
🇲🇽 Hindustanis · Mexico
1581
+16
🇨🇦 Saracens · Canada
1561
+17
🇦🇷 Mongols · Argentina
1539
+18
🇺🇸 Cumans · United States
1611
-18
🇦🇷 Khmer · Argentina
1610
-18
🇮🇳 Britons · India
1588
-17
🇦🇷 Vietnamese · Argentina
1551
-15
TM Caesar
7:21 Feudal Age
11:16 Castle Age
9:09 Horse Collar
9:55 Double-Bit Axe
18:38 Bow Saw
20:26 Wheelbarrow
21:35 Gold Mining
22:00 Heavy Plow
23:24 Hand Cart
26:33 Imperial Age
24:16 Fletching
24:30 Loom
25:25 Gold Shaft Mining
25:12 Bodkin Arrow
25:39 Padded Archer Armor
26:10 Ballistics
26:32 Bloodlines
26:23 Husbandry
26:29 Stone Mining
27:19 Bracer
27:26 Siege Engineers
28:22 Chemistry
27:47 Leather Archer Armor
27:39 Thumb Ring
28:20 Conscription
28:12 Siphons
28:38 Parthian Tactics
28:08 Town Watch
28:42 Masonry
28:17 Elite Mangudai
30:02 Capped Ram
31:17 Drill
31:08 Siege Ram
33:26 Murder Holes
34:15 Stone Shaft Mining
34:33 Hoardings
34:24 Onager
36:06 Fortified Wall
36:21 Nomads
36:58 Scale Barding Armor
37:04 Forging
37:59 Herbal Medicine
38:31 Chain Barding Armor
Flux
8:20 Feudal Age
12:10 Castle Age
10:17 Double-Bit Axe
10:40 Horse Collar
13:02 Bow Saw
13:58 Fletching
13:57 Loom
15:17 Bodkin Arrow
19:45 Padded Archer Armor
22:14 Bloodlines
22:56 Leather Archer Armor
28:02 Wheelbarrow
29:04 Ballistics
30:51 Heavy Plow
35:33 Imperial Age
32:59 Gold Mining
34:35 Husbandry
35:45 Scale Barding Armor
35:50 Forging
36:46 Chain Barding Armor
35:48 Light Cavalry
38:00 Iron Casting
37:26 Hussar
MZTK | Evil Xandro
8:23 Feudal Age
12:14 Castle Age
10:42 Double-Bit Axe
10:38 Horse Collar
14:08 Wheelbarrow
14:35 Bow Saw
19:00 Hand Cart
25:30 Imperial Age
23:26 Gold Mining
24:15 Heavy Plow
24:03 Loom
24:03 Town Watch
24:25 Scale Barding Armor
24:30 Forging
24:23 Stone Mining
25:33 Chain Barding Armor
26:19 Heavy Camel Rider
27:01 Husbandry
27:14 Bloodlines
28:32 Plate Barding Armor
30:01 Iron Casting
28:49 Imperial Camel Rider
31:06 Conscription
31:34 Gold Shaft Mining
31:01 Grand Trunk Road
30:42 Siege Elephant
Envetel
8:57 Feudal Age
10:19 Wheelbarrow
13:27 Castle Age
11:41 Horse Collar
12:05 Loom
13:36 Double-Bit Axe
14:43 Fletching
18:19 Bodkin Arrow
19:26 Town Watch
20:46 Padded Archer Armor
22:09 Ballistics
21:50 Gold Mining
23:34 Heavy Plow
25:12 Bow Saw
26:16 Kasbah
29:56 Imperial Age
29:24 Masonry
31:44 Chemistry
31:29 Bracer
32:23 Leather Archer Armor
32:00 Onager
35:56 Siege Engineers
36:52 Guilds
37:19 Conscription
37:15 Treadmill Crane
wackadoodle
7:59 Feudal Age
11:55 Castle Age
10:13 Double-Bit Axe
10:38 Horse Collar
12:22 Loom
14:16 Bow Saw
19:10 Imperial Age
17:20 Fletching
18:08 Bodkin Arrow
19:58 Bracer
21:29 Chemistry
20:39 Padded Archer Armor
22:26 Ballistics
29:10 Warwolf
30:02 Leather Archer Armor
31:21 Elite Longbowman
32:47 Wheelbarrow
32:59 Heavy Plow
33:31 Ring Archer Armor
32:45 Elite Longbowman
33:46 Conscription
shn_07
6:20 Feudal Age
6:48 Double-Bit Axe
7:09 Horse Collar
13:07 Town Watch
14:00 Wheelbarrow
21:19 Gold Mining
24:27 Scale Barding Armor
27:30 Forging
28:19 Bloodlines
35:19 Castle Age
36:45 Caravan
[Gaucho]El_Guille
8:30 Feudal Age
12:24 Castle Age
11:21 Double-Bit Axe
13:50 Horse Collar
18:48 Fletching
19:55 Bodkin Arrow
22:11 Padded Archer Armor
23:53 Wheelbarrow
24:44 Hand Cart
25:00 Bow Saw
24:44 Gold Mining
25:16 Heavy Plow
25:08 Stone Mining
25:15 Loom
29:35 Imperial Age
27:55 Ballistics
29:48 Leather Archer Armor
30:20 Bracer
31:23 Ring Archer Armor
31:19 Chatras
31:41 Paper Money
31:28 Scale Mail Armor
31:39 Forging
31:18 Elite Fire Lancer
33:52 Chemistry
33:17 Chain Mail Armor
32:54 Pikeman
33:34 Squires
33:20 Arson
34:37 Iron Casting
35:48 Plate Mail Armor
38:05 Two-Man Saw
[Gaucho]Batata
8:16 Feudal Age
11:09 Castle Age
9:16 Horse Collar
9:40 Double-Bit Axe
12:33 Bow Saw
14:08 Heavy Plow
17:01 Wheelbarrow
17:29 Wheelbarrow
18:00 Stone Mining
19:50 Gold Mining
21:11 Gold Shaft Mining
21:24 Loom
21:55 Hand Cart
24:45 Imperial Age
23:21 Stone Shaft Mining
24:14 Bloodlines
24:04 Husbandry
25:14 Scale Barding Armor
25:20 Forging
25:50 Siege Engineers
25:44 Capped Ram
27:01 Ballistics
27:20 Conscription
27:52 Chain Barding Armor
28:34 Chemistry
30:54 Plate Barding Armor
30:06 Elite Ballista Elephant
33:48 Herbal Medicine
34:32 Double Crossbow
36:15 Forging
Connection lost

Rejoining the realm…

Still unreachable

The connection could not be restored.

Session expired

The server has moved on; the page needs a fresh start.